 Dungeon Crawl Stone Soup version 0.19.0-1-g5985abe (webtiles) character file.

101 nikopol the Chopper (level 4, -1/60 HPs)
             Began as a Hill Orc Berserker on Nov 2, 2016.
             Was a Priest of Trog.
             Slain by an orc wizard
             ... wielding a +0 dagger
              (3 damage)
             ... on level 3 of the Dungeon.
             The game lasted 00:03:25 (2114 turns).

nikopol the Chopper (Hill Orc Berserker)            Turns: 2114, Time: 00:03:26

Health: -1/60      AC:  4    Str: 25    XL:     4   Next: 75%
Magic:  4/4        EV: 12    Int:  7    God:    Trog [***...]
Gold:   138        SH:  0    Dex: 10    Spells: 0 memorised, 3 levels left

rFire  . . .     SeeInvis .     a - +0 hand axe
rCold  . . .     Gourm    .     l - +0 leather armour
rNeg   . . .     Faith    .     (no shield)
rPois  .         Spirit   .     (no helmet)
rElec  .         Reflect  .     (no cloak)
rCorr  .         Harm     .     y - +0 pair of gloves
MR     .....                    (no boots)
Stlth  ..........               (no amulet)
                                (no ring)
                                (no ring)

@: berserking (expiring), very quick
A: no striking features
a: Berserk, Trog's Hand, Burn Spellbooks, Renounce Religion, Convert to Beogh


You were on level 3 of the Dungeon.
You worshipped Trog.
Trog was most pleased with you.
You were very hungry.

You visited 1 branch of the dungeon, and saw 3 of its levels.

You collected 138 gold pieces.

Inventory:

Hand Weapons
 a - a +0 hand axe (weapon)
Missiles
 e - 30 arrows (quivered)
Armour
 b - a +0 animal skin
 l - a +0 leather armour (worn)
 y - a +0 pair of gloves (worn)
Jewellery
 h - a +4 ring of strength {unknown}
 t - an uncursed ring of positive energy {unknown}
Scrolls
 f - a scroll of enchant armour {unknown}
 g - 6 scrolls of identify {unknown}
 i - 2 scrolls of fog {unknown}
 o - 2 scrolls of teleportation {unknown}
 s - 3 scrolls of random uselessness {unknown}
 w - a scroll of remove curse {unknown}
Potions
 d - a potion of brilliance {unknown}
 m - a potion of agility {unknown}
 n - a potion of heal wounds {unknown}
 q - a potion of flight {unknown}
 r - a potion of curing {unknown}
 u - 2 potions of lignification {unknown}
 v - a potion of mutation {unknown}
 x - a potion of resistance {unknown}
 A - a potion of magic {unknown}
 B - 2 potions of berserk rage {unknown}
Comestibles
 c - 6 bread rations
 j - a slice of pizza
 k - 2 beef jerkies
 p - a meat ration


   Skills:
 + Level 4.1 Fighting
 + Level 5.0 Axes
 + Level 3.2 Armour
 + Level 2.5 Dodging


You had 3 spell levels left.
You didn't know any spells.

Dungeon Overview and Level Annotations

Branches:
Dungeon (3/15)

Altars:
Fedhas
Qazlal
Ru


Message History

The orc wizard is almost dead.
You slash the orc! The orc completely misses you.
You closely miss the orc wizard.
The orc wizard is almost dead.
You hit the orc.
You kill the orc!
Trog accepts your kill.
The orc priest threatens, "By the altar or by the axe, you will meet Beogh!"
You slash the orc!
You kill the orc!
Trog accepts your kill.
The orc priest mumbles some strange prayers to Beogh against you.
Beogh smites you!
* * * LOW HITPOINT WARNING * * *
The orc wizard gestures wildly while chanting.
The orc wizard flickers and vanishes!
Deactivating autopickup; reactivate with Ctrl-A.
You closely miss something. You miss something. Something hits you.
You die...

#)..####.### ##.##(
#......#.#.###.....
#####................≈≈
#..........#.........≈≈
#######....#.........≈_
## #......#.......≈.
#.. #.#............≈≈
#...##.#..#>..........
#.$.o@.....##.##...).#
#...[{....##...##..###
#.####...##.....##.# #
.....#.......###
.#......._.....#
#...#.......#...
#...##.....##...
###.###...## .. ##.##


You could see an orc priest.

Vanquished Creatures
  2 adders (D:3)
  2 oozes
  2 worms
  A leopard gecko (D:2)
  2 orcs (D:3)
  7 bats
  5 giant cockroaches
  7 goblins
  7 hobgoblins
  4 jackals (D:3)
  2 quokkas
  2 ball pythons
  4 frilled lizards
  5 kobolds
  11 rats
63 creatures vanquished.

Notes
Turn   | Place    | Note
-------+----------+-------------------------------------------
     0 | D:1      | nikopol the Hill Orc Berserker began the quest for the Orb.
     0 | D:1      | Reached XP level 1. HP: 19/19 MP: 1/1
   284 | D:1      | Reached XP level 2. HP: 26/26 MP: 2/2
   639 | D:1      | Reached XP level 3. HP: 31/33 MP: 3/3
   641 | D:1      | Reached ** piety under Trog
   800 | D:2      | Found a stormy altar of Qazlal.
   873 | D:2      | Found a sacrificial altar of Ru.
  1602 | D:3      | Reached XP level 4. HP: 40/40 MP: 4/4
  1787 | D:3      | Found a faded altar of an unknown god.
  1823 | D:3      | Reached skill level 5 in Axes
  2037 | D:3      | Found a blossoming altar of Fedhas.
  2054 | D:3      | Reached *** piety under Trog
  2062 | D:3      | Found a sacrificial altar of Ru.
  2112 | D:3      | HP: 2/60 [orc priest/divine providence (12)]
  2114 | D:3      | Slain by an orc wizard

Skill      XL: |  1  2  3  4 |
---------------+-------------+-----
Dodging        | 2 |  2.5
Fighting       | 4 |  4.1
Axes           | 5 |  5.0
Armour         | 3 |  3.2

Action                   |  1- 3 |  4- 6 || total
-------------------------+-------+-------++-------
Melee: Hand axe          |    88 |    60 ||   148
Invok: Berserk           |     1 |     1 ||     2
       Burn Spellbooks   |       |     1 ||     1
  Eat: Chunk             |     2 |     2 ||     4
Armor: Animal skin       |     3 |       ||     3
       Leather armour    |    17 |    20 ||    37
Dodge: Dodged            |    50 |    43 ||    93
